 Dungeon Crawl Stone Soup version 0.30.1-11-g7821555f0a (webtiles) character file.

Game seed: 12649401847224100173

72 bnorton916 the Magician (level 4, -2/24 HPs)
             Began as a Deep Elf Fire Elementalist on Nov 26, 2023.
             Slain by an ogre
             ... wielding a +0 giant club
              (14 damage)
             ... on level 3 of the Dungeon.
             The game lasted 00:01:32 (1498 turns).

bnorton916 the Magician (DEFE)                      Turns: 1498, Time: 00:01:33

Health: -2/24      AC:  3    Str:  5    XL:     4   Next: 6%
Magic:  8/12       EV: 12    Int: 22    God:
Gold:   100        SH:  0    Dex: 15    Spells: 8/11 levels left

rFire   . . .        (no weapon)
rCold   . . .        (no shield)
rNeg    + . .        a - +0 robe
rPois   .            (no helmet)
rElec   .            (no cloak)
rCorr   .            e - +0 pair of gloves
SInv    .            (no boots)
Will    .....        (no amulet)
Stlth   +            f - ring of positive energy
HPRegen 0.24/turn    (no ring)
MPRegen 0.13/turn

%: no passive effects
@: very slow
A: no striking features
a: no special abilities


You were on level 3 of the Dungeon.
You visited 1 branch of the dungeon, and saw 4 of its levels.

You collected 100 gold pieces.

Inventory:

Armour
 a - a +0 robe (worn)
 e - a +0 pair of gloves (worn)
Jewellery
 f - a ring of positive energy (left hand)
Scrolls
 g - a scroll of fear {unknown}
Potions
 b - a potion of magic
 c - a potion of ambrosia {unknown}
 d - a potion of heal wounds {unknown}


   Skills:
 - Level 2.4 Dodging
 - Level 2.4 Stealth
 + Level 4.2 Spellcasting
 + Level 2.5 Conjurations
 + Level 4.1 Fire Magic


You had 8 spell levels left.
You knew the following spells:

 Your Spells              Type           Power      Damage    Failure   Level
a - Foxfire               Conj/Fire      76%        2x1d7     2%          1
b - Scorch                Fire           46%        2d6       3%          2

Your spell library contained the following spells:

 Spells                   Type           Power      Damage    Failure   Level
 Inner Flame              Hex/Fire       13%        N/A       14%         3
 Volatile Blastmotes      Fire/Tloc      26%        2d12      14%         3
 Sublimation of Blood     Necr           4%         N/A       17%         2
 Flame Wave               Conj/Fire      19%        2d7       26%         4
 Gell's Gravitas          Tloc           4%         N/A       32%         3
 Teleport Other           Tloc           4%         N/A       32%         3
 Petrify                  Tmut/Erth      4%         N/A       73%         4
 Irradiate                Conj/Tmut      5%         3d13      87%         5
 Dispersal                Tloc           2%         N/A       100%        6


Dungeon Overview and Level Annotations

Branches:
Dungeon (4/15)
 Temple: D:4-7

Altars:


Message History

Nothing appears to happen.
Casting: Foxfire (safe; 3% risk of failure)
Confirm with . or Enter, or press ? or * to list all spells.
You conjure some foxfire!
The adder misses you.
The foxfire hits the adder.
The adder is moderately wounded.
The foxfire hits the adder.
The adder is moderately wounded.
The adder barely misses you.
Casting: Foxfire (safe; 3% risk of failure)
Confirm with . or Enter, or press ? or * to list all spells.
Flames lash the adder.
You kill the adder!
You have reached level 4!
You feel clever.
Your magical contamination has completely faded away.
An ogre comes into view. It is wielding a +0 giant club.
The ogre shouts!
Found a viscous blue potion.
The ogre attacks as you move away! The ogre closely misses you.
You enter the shallow water.
Moving in this stuff is going to be slow.
The ogre hits you with a +0 giant club!
Ouch! That really hurt!
A hobgoblin comes into view.
Casting: Scorch (safe; 3% risk of failure)
Confirm with . or Enter, or press ? or * to list all spells.
Flames lash the ogre.
The ogre is moderately wounded.
The ogre's fire resistance burns away.
The ogre is engulfed in a cloud of scalding steam.
The ogre closely misses you.
Casting: Scorch (safe; 3% risk of failure)
Confirm with . or Enter, or press ? or * to list all spells.
Flames lash the ogre.
The ogre is burned terribly!
The ogre is heavily wounded.
The ogre is engulfed in a cloud of scalding steam.
The ogre hits you with a +0 giant club!
Ouch! That really hurt!
You die...

########## ###.........
#........g..
#.~~~~.~~~≈~
#.~≈≈~.~~≈≈≈
#.~≈≈~.~≈≈≈~
#.~≈≈~.~~~≈~
#.~O@~......
######.......~~~~ ##
#......≈~~≈~.~≈≈~ .###
#......≈≈≈≈~.~≈≈~ ...###
#......~≈≈≈~.≈≈≈~
##...###......~~~≈~.~≈~~
###.##.................
####.#..........#..#####
.......#........#...


You could see an ogre (combustible) and a hobgoblin.

Vanquished Creatures
  3 adders (D:3)
  4 dart slugs (D:1)
  A bat (D:3)
  2 endoplasms
  2 giant cockroaches
  2 goblins (D:1)
  3 hobgoblins
  7 jackals
  A quokka (D:1)
  3 ball pythons (D:1)
  A frilled lizard (D:1)
  2 kobolds (D:1)
  5 rats (D:1)
36 creatures vanquished.

Vanquished Creatures (others)
  154 foxfires
154 creatures vanquished.

Grand Total: 190 creatures vanquished

Notes
Turn   | Place    | Note
-------+----------+-------------------------------------------
     0 | D:1      | bnorton916 the Deep Elf Fire Elementalist began the quest
                  | for the Orb.
     0 | D:1      | Reached XP level 1. HP: 10/10 MP: 6/6
   300 | D:1      | Reached XP level 2. HP: 15/15 MP: 2/8
   706 | D:1      | Reached XP level 3. HP: 19/19 MP: 0/10
   889 | D:1      | Learned a level 2 spell: Scorch
  1190 | D:2      | You fall into a shaft and drop 2 floors!
  1455 | D:3      | Reached XP level 4. HP: 24/24 MP: 6/12
  1482 | D:3      | Noticed an ogre
  1498 | D:3      | Slain by an ogre

Illustrated notes

Levels and vault maps discovered:
D:1:      dpeg_arrival_renting, layout_rooms, hangedman_decor_clover_reticule
D:2:      layout_loops_corners, basic_altar, minivault_23, uniq_robin
D:3:      layout_rooms, hangedman_decor_points, minivault_14,
          nrook_loot_triangle, kennysheep_cross_bottleneck, nicolae_half_adder
D:4:      minmay_diamond_boxcup, layout_cave_pools,
          mainiacjoe_overflow_catch_the_wave, minmay_temple_entry_trees

Skill      XL: |  1  2  3 |
---------------+----------+-----
Conjurations   | 2 |  2.5
Fire Magic     | 4 |  4.1
Spellcasting   | 4 |  4.2
Dodging        | |  2.4
Stealth        | |  2.4

Action                     |  1- 3 |  4- 6 || total
---------------------------+-------+-------++-------
   Cast: Foxfire           |    90 |       ||    90
         Scorch            |     2 |     2 ||     4
 Armour: Robe              |     2 |       ||     2
  Dodge: Dodged            |     5 |     2 ||     7
